 Dungeon Crawl Stone Soup version 0.24-a0-114-g5d539f0 (console) character file.

Game seed: 15604605099944785044

64 Duffy the Chopper (level 4, 2/39 HPs)
             Began as a Naga Gladiator on Feb 15, 2019.
             Quit the game on level 5 of the Dungeon.
             The game lasted 00:00:43 (632 turns).

Duffy the Chopper (Naga Gladiator)                   Turns: 632, Time: 00:00:44

Health: 2/39       AC:  3    Str: 16    XL:     4   Next: 12%
Magic:  4/4        EV: 10    Int: 10    God:
Gold:   39         SH:  0    Dex: 12    Spells: 3/3 levels left

rFire    . . .     SeeInvis +   a - +0 war axe
rCold    . . .     Gourm    .   (no shield)
rNeg     . . .     Faith    .   b - +0 leather armour
rPois    +         Spirit   .   c - +0 helmet
rElec    .         Reflect  .   (no cloak)
rCorr    .         Harm     .   (no gloves)
MR       .....                  (no barding)
Stlth    +.........             (no amulet)
HPRegen  0.13/turn              (no ring)
MPRegen  0.09/turn              (no ring)

@: very slow
A: large, see invisible, deformed body, poison resistance, slowness 2, slow
metabolism 1, spit poison 1, AC +1
a: Spit Poison


You were on level 5 of the Dungeon.
You were not hungry.

You visited 1 branch of the dungeon, and saw 5 of its levels.

You collected 39 gold pieces.

Inventory:

Hand Weapons
 a - a +0 war axe (weapon)
Missiles
 d - a throwing net (quivered)
Armour
 b - a +0 leather armour (worn)
 c - a +0 helmet (worn)
Scrolls
 h - a scroll of fear {unknown}
 i - a scroll of teleportation {unknown}
Potions
 e - a potion of berserk rage {unknown}
Comestibles
 f - 4 rations
 g - 5 chunks of flesh


   Skills:
 - Level 2.0 Fighting
 + Level 4.9 Axes
 - Level 1.7 Throwing
 - Level 2.4 Dodging


You had 3 spell levels left.
You didn't know any spells.
Your spell library was empty.

Dungeon Overview and Level Annotations

Branches:
Dungeon (5/15)
 Temple: D:4-7

Altars:

Annotations:
D:5 Grinder


Innate Abilities, Weirdness & Mutations

You cannot wear boots.
Your serpentine skin is tough. (AC +1)
You have supernaturally acute eyesight. (SInv)
Armour fits poorly on your strangely shaped body.
Your system is resistant to poisons. (rPois)
You cover ground very slowly.
You have a slow metabolism.
You can spit poison.


Message History

The centaur shouts!
The centaur wields a +0 shortbow.
The centaur shoots an arrow.
The arrow hits you!
Grinder blinks!
You see here an arrow.
Throwing (i - inventory)
d - 2 throwing nets (quivered)
Press: ? - help, Shift-Dir - straight line, f/p - Grinder
Aim: Grinder, carrying a wand of flame (16) (moderately wounded)
You throw a throwing net. The throwing net barely misses Grinder.
The centaur shoots an arrow.
The arrow hits you. Grinder gestures at you.
You suddenly lose the ability to move!
The centaur shoots an arrow.
The arrow hits you!
The centaur shoots an arrow.
The arrow hits you. Grinder gestures at you.
You struggle to resist.
You can move again.
Unknown command.
Unknown command.
Okay, then.
Are you sure you want to abandon this character and quit the game? (Confirm with "yes".)

#.....###..........####
#.....# #######........
#.....# #....#####
#.....# #...##
##############..##
........(.#
######...5#####..
...............
..###...@#.#..##
#....#... .. ###.## .##
#c# .. ... .. ... ...
... ....


You could see Grinder and a centaur.

Vanquished Creatures
  A worker ant (D:5)
  A hound zombie (D:4)
  2 adders (D:2)
  2 giant cockroaches
  A kobold (D:1)
  4 frilled lizards (D:2)
  2 rats (D:2)
13 creatures vanquished.

Notes
Turn   | Place    | Note
-------+----------+-------------------------------------------
     0 | D:1      | Duffy the Naga Gladiator began the quest for the Orb.
     0 | D:1      | Reached XP level 1. HP: 19/19 MP: 1/1
    64 | D:2      | Reached XP level 2. HP: 12/26 MP: 2/2
   248 | D:2      | Reached skill level 4 in Axes
   436 | D:2      | Reached XP level 3. HP: 32/32 MP: 3/3
   558 | D:5      | Entered Level 5 of the Dungeon
   588 | D:4      | Reached XP level 4. HP: 36/39 MP: 4/4
   618 | D:5      | Noticed Grinder
   618 | D:5      | Paralysed by Grinder for 4 turns
   628 | D:5      | Noticed a centaur
   629 | D:5      | Paralysed by Grinder for 2 turns
   632 | D:5      | Quit the game

Levels and vault maps discovered:
D:1:      scummos_arrival_star, layout_basic, minmay_rat_gold_closets
D:2:      layout_loops_cross
D:3:      layout_basic, nemelex_diamond_rough_becter, uniq_crazy_yiuf_cottage,
          uniq_robin
D:4:      layout_basic
D:5:      layout_rooms, first_ration, uniq_grinder

Skill      XL: |  1  2 |
---------------+-------+-----
Axes           | 4 |  4.9
Fighting       | |  2.0
Throwing       | |  1.7
Dodging        | |  2.4

Action                   |  1- 3 |  4- 6 || total
-------------------------+-------+-------++-------
Melee: War axe           |    33 |     2 ||    35
Throw: Throwing net      |       |     2 ||     2
 Abil: Spit Poison       |     6 |       ||     6
Armor: Leather armour    |     3 |       ||     3
Dodge: Dodged            |    22 |     1 ||    23

Table legend:
 A = Non-vault XP
 B = Vault XP
 C = Vault XP percentage of total XP
 D = Non-vault monster count
 E = Vault monster count
 F = Vault count percentage of total count
                 A         B        C        D         E       F
            +---------+---------+-------+---------+---------+-------
      Total |      92 |       0 |   0.0 |      13 |       0 |   0.0
            +---------+---------+-------+---------+---------+-------
        D:1 |       2 |       0 |   0.0 |       1 |       0 |   0.0
        D:2 |      34 |       0 |   0.0 |       9 |       0 |   0.0
        D:4 |      22 |       0 |   0.0 |       2 |       0 |   0.0
        D:5 |      34 |       0 |   0.0 |       1 |       0 |   0.0
            +---------+---------+-------+---------+---------+-------
